 Dungeon Crawl Stone Soup version 0.30.1 (webtiles) character file.

Game seed: 3075041814310792471

205 Graphine the Ducker (level 5, -3/42 HPs)
             Began as a Merfolk Gladiator on July 7, 2023.
             Slain by a gnoll
             ... wielding a +0 halberd
              (8 damage)
             ... on level 4 of the Dungeon.
             The game lasted 00:06:07 (2655 turns).

Graphine the Ducker (Merfolk Gladiator)             Turns: 2655, Time: 00:06:08

Health: -3/42      AC:  4    Str: 14    XL:     5   Next: 83%
Magic:  5/5        EV: 14    Int:  9    God:
Gold:   119        SH:  0    Dex: 16    Spells: 4/4 levels left

rFire   . . .        a - +0 long sword
rCold   . . .        (no shield)
rNeg    . . .        b - +0 leather armour
rPois   .            c - +0 helmet
rElec   .            (no cloak)
rCorr   .            (no gloves)
SInv    .            (no boots)
Will    .....        (no amulet)
Stlth   +            (no ring)
HPRegen 0.27/turn    (no ring)
MPRegen 0.09/turn

%: no passive effects
@: no status effects
A: (nimble swimmer 2), mertail
a: no special abilities


You were on level 4 of the Dungeon.
You visited 1 branch of the dungeon, and saw 4 of its levels.

You collected 119 gold pieces.

Inventory:

Hand Weapons
 a - a +0 long sword (weapon)
Missiles
 d - a throwing net (quivered)
 e - a javelin
Armour
 b - a +0 leather armour (worn)
 c - a +0 helmet (worn)
Magical Staves
 p - a staff of cold
Jewellery
 w - an amulet of regeneration
Wands
 k - a wand of roots (12)
Scrolls
 o - a scroll of identify
 v - a scroll of teleportation
Potions
 f - 2 potions of curing
 g - 2 potions of invisibility
 h - a potion of cancellation {unknown}
 i - a potion of attraction {unknown}
 j - a potion of magic {unknown}
 l - a potion of might {unknown}
 m - a potion of lignification {unknown}
 n - a potion of berserk rage {unknown}
 s - a potion of degeneration {unknown}
 t - 2 potions of brilliance
 x - a potion of resistance {unknown}


   Skills:
 * Level 3.6 Fighting
 * Level 5.1 Long Blades
 + Level 2.8 Throwing
 * Level 5.4 Dodging
 + Level 1.0 Ice Magic


You had 4 spell levels left.
You didn't know any spells.
Your spell library contained the following spells:

 Spells                   Type           Power      Damage    Failure   Level
 Foxfire                  Conj/Fire      0%         2x1d4     45%         1
 Magic Dart               Conj           0%         1d3       45%         1
 Call Imp                 Summ           0%         N/A       61%         2
 Ozocubu's Armour         Ice            1%         N/A       71%         3
 Ignite Poison            Fire/Tmut/Pois 0%         N/A       83%         3
 Mephitic Cloud           Conj/Pois/Air  0%         N/A       83%         3
 Sticky Flame             Conj/Fire      0%         2d3       99%         4
 Fireball                 Conj/Fire      0%         3d3       100%        5
 Plasma Beam              Fire/Air       0%         2x1d11    100%        6
 Starburst                Conj/Fire      0%         6d3       100%        6
 Ozocubu's Refrigeration  Ice            0%         4d7       100%        7
 Ignition                 Fire           0%         3d3       100%        8


Dungeon Overview and Level Annotations

Branches:
Dungeon (4/15)
 Temple: D:4-7

Altars:
Trog


Innate Abilities, Weirdness & Mutations

((You are very nimble when in or above water. (Stealth+, EV+, Speed+++)))
Your lower body shifts to a powerful aquatic tail in water.


Message History

Press: ? - help, Dir - move target, f - you That would be overly suicidal.
Okay, then.
Hit: a) +0 long sword
Press: ? - help, Dir - move target, f - you
Okay, then.
A gnoll comes into view. It is wielding a +0 halberd.
The gnoll shouts!
A gnoll comes into view. It is wielding a +0 whip.
The gnoll hits you with a +0 halberd!
Items here: †††††.
You barely miss the gnoll.
A gnoll comes into view. It is wielding a +0 club.
The gnoll closely misses you.
The gnoll shouts! x2
You hit the gnoll. You punch the gnoll, but do no damage.
The gnoll is lightly wounded.
The gnoll closely misses you.
Hit: a) +0 long sword
Press: ? - help, Dir - move target, f - gnoll
Aim: a gnoll, wielding a +0 halberd (lightly wounded, about 35% to evade your +0 long sword)
You hit the gnoll.
The gnoll is heavily wounded.
The gnoll completely misses you.
Hit: a) +0 long sword
Press: ? - help, Dir - move target, f/p - gnoll
Aim: a gnoll, wielding a +0 halberd (heavily wounded, about 35% to evade your +0 long sword)
You hit the gnoll.
The gnoll is almost dead.
The gnoll barely misses you. The gnoll hits you with a +0 halberd!
* * * LOW HITPOINT WARNING * * *
Hit: a) +0 long sword
Press: ? - help, Dir - move target, f/p - gnoll
Aim: a gnoll, wielding a +0 halberd (almost dead, about 35% to evade your +0 long sword)
You closely miss the gnoll.
The gnoll is almost dead.
The gnoll hits you with a +0 club.
* * * LOW HITPOINT WARNING * * *
The gnoll hits you with a +0 halberd!
You die...

... ... . ... .. #.#
.$.# ##.# .....#..# ##
...≈.. .......g#####
.##...≈≈≈
......gg@.[.#
.........
.##..######.##
#........ ... ###..#
#..>... .
###...#####.##.# .
#.....##......###..
####.#...............
...##.#....##.........
............#..^......
...........)...#...###


You could see 3 gnolls.

Vanquished Creatures
  A howler monkey (D:4)
  An iguana (D:3)
  3 adders
  A worm (D:3)
  8 dart slugs
  5 orcs (D:3)
  11 bats
  5 endoplasms
  2 giant cockroaches (D:1)
  9 goblins
  10 hobgoblins
  7 jackals
  6 kobolds
  2 quokkas (D:1)
  12 ball pythons
  3 frilled lizards
  4 rats (D:1)
90 creatures vanquished.

Notes
Turn   | Place    | Note
-------+----------+-------------------------------------------
     0 | D:1      | Graphine the Merfolk Gladiator began the quest for the Orb.
     0 | D:1      | Reached XP level 1. HP: 16/16 MP: 1/1
    77 | D:1      | Reached XP level 2. HP: 23/23 MP: 2/2
   307 | D:1      | Reached XP level 3. HP: 28/28 MP: 3/3
   445 | D:1      | Found a faded altar of an unknown god.
   919 | D:2      | Found a bloodstained altar of Trog.
  1268 | D:2      | Reached XP level 4. HP: 35/35 MP: 4/4
  2056 | D:3      | Reached skill level 5 in Dodging
  2060 | D:3      | Reached XP level 5. HP: 15/41 MP: 5/5
  2575 | D:4      | Reached skill level 5 in Long Blades
  2588 | D:4      | Reached skill level 1 in Ice Magic
  2655 | D:4      | Slain by a gnoll

Illustrated notes

Levels and vault maps discovered:
D:1:      dpeg_arrival_houses_and_road, layout_basic, basic_ecumenical_altar,
          minmay_indecisive_spiral
D:2:      layout_basic, basic_altar
D:3:      layout_basic, bh_walls_and_bars
D:4:      layout_cave_pools, serial_rivers, chequers_serial_rivers_micro_c,
          chequers_serial_rivers_marsh, chequers_serial_rivers_micro_d,
          chequers_serial_rivers_large_b, chequers_serial_rivers_small_a,
          chequers_serial_rivers_micro_d, nrook_loot_triangle,
          minmay_misc_feat_diagonals

Skill      XL: |  1  2  3  4  5 |
---------------+----------------+-----
Long Blades    | 4 5 |  5.1
Fighting       | 3 |  3.6
Dodging        | 5 |  5.4
Ice Magic      | 1 |  1.0
Throwing       | |  2.8

Action                     |  1- 3 |  4- 6 || total
---------------------------+-------+-------++-------
  Melee: Long sword        |   124 |   126 ||   250
         Punch             |       |     2 ||     2
  Throw: Stone             |    10 |    18 ||    28
         Throwing net      |     1 |     1 ||     2
         Javelin           |       |     1 ||     1
  Evoke: Wand              |       |     1 ||     1
    Use: Scroll            |     3 |     7 ||    10
   Stab: Held in net/web   |       |     1 ||     1
 Armour: Leather armour    |    46 |    25 ||    71
  Dodge: Dodged            |   109 |    80 ||   189
